Map: Nightshade LE

Players

antagomiR - Winner!

  • Race: Protoss Protoss
  • League: Gold
  • Spawn Location: 5:00

SaggyWaggy

  • Race: Zerg Zerg
  • League: Gold
  • Spawn Location: 11:00

VOD

Have the link to the VOD?

Description

Time

  • Played on: April 15, 2020, 11:42 p.m.
  • Length: 13:25
Show
View Real Time Build Order
Export as new Build Order

antagomiR Protoss - Winner!

Build Orders:  

Get SALT Encoding   

  12  0:02  Probe  
  13  0:14  Probe  
  14  0:26  Probe, Pylon  
  15  0:44  Probe  
  15  0:48  Gateway  
  16  0:56  Probe (Chrono Boost)  
  17  1:06  Assimilator  
  17  1:08  Probe (Chrono Boost)  
  18  1:16  Assimilator  
  18  1:17  Probe (Chrono Boost)  
  19  1:22  Probe  
  20  1:39  Cybernetics Core  
  19  1:41  Probe  
  20  1:53  Pylon  
  20  2:06  Nexus  
  20  2:10  Probe  
  20  2:14  Warp Gate (Chrono Boost)  
  21  2:20  Adept  
  23  2:23  Probe  
  24  2:41  Robotics Facility  
  24  2:47  Probe  
  25  2:59  Probe  
  25  3:03  Pylon  
  26  3:11  Probe  
  27  3:17  Gateway  
  27  3:18  Gateway  
  27  3:20  Probe  
  27  3:26  Stalker  
  30  3:29  Observer (Chrono Boost)  
  31  3:36  Probe x2  
  33  3:56  Probe x2  
  33  4:00  Observer (Chrono Boost)  
  36  4:07  Sentry  
  38  4:12  Probe x2  
  38  4:15  Immortal (Chrono Boost)  
  44  4:20  Pylon  
  44  4:24  Probe x2  
  44  4:29  Pylon, Stalker  
  48  4:36  Probe  
  49  4:49  Immortal (Chrono Boost)  
  53  4:55  Stalker x2  
  53  4:56  Stalker  
  59  5:02  Probe x2  
  61  5:08  Pylon  
  62  5:14  Probe x2  
  63  5:24  Immortal (Chrono Boost)  
  67  5:31  Probe x2  
  69  5:43  Probe  
  69  5:49  Probe  
  71  5:52  Assimilator  
  71  5:55  Probe, Assimilator  
  71  5:56  Immortal (Chrono Boost)  
  76  6:04  Shield Battery  
  76  6:06  Shield Battery  
  76  6:18  Nexus  
  76  6:31  Probe x2  
  78  6:41  Twilight Council  
  78  6:42  Pylon  
  78  6:47  Pylon  
  78  6:50  Gateway  
  78  6:52  Gateway, Forge  
  78  7:00  Probe, Immortal (Chrono Boost)  
  83  7:03  Stalker  
  85  7:09  Probe  
  85  7:12  Probe  
  87  7:21  Probe, Protoss Ground Weapons Level 1 (Chrono Boost)  
  88  7:30  Photon Cannon  
  88  7:31  Immortal (Chrono Boost)  
  88  7:34  Photon Cannon  
  92  7:38  Photon Cannon  
  92  7:42  Charge (Chrono Boost)  
  92  7:44  Gateway  
  92  7:52  Stalker  
  94  8:15  Pylon  
  94  8:17  Pylon  
  94  8:30  Nexus  
  94  8:31  Pylon  
  94  8:33  Immortal  
  94  8:34  Pylon  
  98  8:52  Shield Battery x2  
  98  9:00  Stalker x3  
  98  9:01  Stalker  
  98  9:02  Zealot  
  108  9:03  Zealot  
  110  9:13  Immortal  
  99  9:25  Stalker x3  
  99  9:26  Stalker x3  
  103  9:43  Probe x3  
  106  9:52  Immortal  
  110  9:55  Probe x3  
  110  9:56  Sentry x3  
  119  10:02  Colossus  
  119  10:07  Probe x2, Assimilator  
  119  10:08  Probe, Assimilator  
  119  10:11  Shield Battery  
  122  10:19  Probe  
  122  10:20  Probe x2  
  125  10:23  Pylon  
  125  10:27  Pylon, Stalker  
  127  10:28  Stalker x2  
  127  10:29  Shield Battery  
  127  10:32  Stalker  
  127  10:33  Phoenix  
  133  10:41  Immortal  
  137  11:16  Gateway x2  
  137  11:19  Gateway  
  137  11:20  Gateway x3, Warp Prism  
  139  11:26  Templar Archives  
  139  11:39  Zealot  
  141  11:40  Zealot x4  
  149  12:23  Immortal  
  135  12:49  Stalker x4  
  135  12:50  Stalker x3  
Show
View Real Time Build Order
Export as new Build Order

SaggyWaggy Zerg 

Build Orders: Pool First 

Get SALT Encoding   

  12  0:01  Drone  
  13  0:08  Drone  
  14  0:16  Overlord  
  14  0:28  Extractor  
  14  0:30  Extractor, Drone x2  
  14  0:35  Drone  
  17  0:49  Spawning Pool  
  16  0:51  Drone  
  16  0:55  Extractor  
  16  0:56  Drone  
  17  1:06  Drone  
  18  1:19  Drone  
  19  1:31  Drone  
  19  1:32  Extractor  
  19  1:37  Queen  
  21  1:44  Hatchery  
  21  1:46  Zergling x2  
  21  1:49  Zergling x2  
  22  1:59  Overlord  
  22  2:04  Metabolic Boost  
  22  2:18  Drone  
  23  2:24  Zergling x2  
  23  2:25  Roach Warren  
  23  2:37  Lair  
  23  2:39  Zergling x2  
  23  2:43  Drone  
  25  2:56  Queen  
  27  2:59  Drone  
  28  3:10  Baneling Nest  
  28  3:11  Roach  
  29  3:17  Drone  
  30  3:21  Roach  
  34  3:27  Roach  
  34  3:31  Drone  
  35  3:35  Drone  
  36  3:41  Overlord  
  36  4:01  Centrifical Hooks  
  36  4:02  Roach x2  
  40  4:04  Roach  
  40  4:07  Drone  
  43  4:10  Drone  
  44  4:21  Baneling x2  
  44  4:26  Overlord  
  44  4:35  Overlord  
  44  4:45  Zergling x8  
  48  4:46  Drone x3  
  48  4:47  Drone  
  52  4:56  Drone x3  
  52  4:59  Roach  
  57  5:13  Drone  
  58  5:16  Roach  
  58  5:18  Overlord  
  60  5:34  Baneling x5  
  60  5:35  Baneling x4  
  60  5:47  Extractor  
  60  5:48  Extractor  
  58  5:53  Roach x3  
  58  5:54  Overlord  
  58  5:56  Zergling x4  
  66  5:57  Zergling x2  
  66  5:58  Zergling x2  
  66  5:59  Hatchery  
  67  6:07  Zergling x2  
  68  6:18  Zergling x4  
  70  6:22  Ravager  
  70  6:23  Ravager  
  72  6:30  Drone x2  
  74  6:36  Ravager  
  75  6:41  Ravager  
  76  7:12  Spire  
  76  7:15  Spore Crawler  
  74  7:18  Spore Crawler  
  74  7:20  Drone  
  74  7:21  Spore Crawler, Drone x2  
  74  7:22  Queen  
  77  7:35  Spore Crawler  
  76  7:37  Drone x3  
  76  7:38  Spore Crawler  
  76  7:41  Hatchery  
  77  7:48  Roach x2  
  82  7:58  Drone  
  82  8:03  Overlord  
  82  8:04  Overlord  
  82  8:15  Overlord  
  82  8:16  Overlord  
  82  8:23  Drone x3  
  82  8:25  Zergling x6  
  82  8:27  Corruptor  
  90  8:36  Drone x3  
  90  8:39  Corruptor  
  95  8:50  Corruptor  
  95  8:54  Baneling x4  
  95  8:55  Baneling x4  
  97  9:01  Queen  
  97  9:02  Drone  
  55  9:41  Drone x3  
  55  9:43  Zergling x2  
  55  9:44  Zergling x10  
  64  9:49  Zergling x12  
  64  9:50  Zergling x10  
  75  9:53  Drone  
  75  9:54  Drone x2  
  78  10:01  Drone  
  78  10:06  Hatchery  
  78  10:08  Corruptor x2  
  78  10:13  Corruptor  
  84  10:18  Baneling x6  
  84  10:19  Baneling  
  84  10:20  Baneling x2  
  84  10:21  Baneling x2  
  84  10:23  Drone  
  84  10:25  Drone  
  84  10:26  Drone  
  87  10:32  Zergling x6  
  90  10:40  Drone x3  
  93  10:52  Drone  
  93  10:53  Drone  
  93  10:54  Drone x4  
  99  10:59  Extractor  
  99  11:02  Extractor  
  99  11:03  Extractor x2  
  95  11:09  Zergling x12  
  101  11:12  Baneling x4  
  101  11:13  Hatchery, Baneling x7  
  101  11:14  Baneling x2  
  101  11:15  Baneling  
  101  11:16  Baneling x2  
  101  11:17  Baneling x2  
  100  11:18  Baneling  
  100  11:19  Baneling  
  100  11:20  Baneling  
  100  11:23  Queen  
  102  11:28  Burrow  
  102  11:29  Drone x3  
  105  11:37  Corruptor x2  
  109  11:40  Corruptor  
  111  11:56  Drone  
  111  11:57  Drone x2  
  111  11:58  Drone  
  111  11:59  Drone x2  
  117  12:04  Corruptor  
  117  12:05  Corruptor x2  
  117  12:06  Corruptor  
  125  12:15  Drone  
  126  12:17  Overlord x3  
  124  12:29  Zergling x2  
  105  12:30  Zergling x6  
  105  12:31  Zergling x10  
  105  12:32  Zergling x4  
  109  12:48  Zergling x8  
  106  12:55  Zergling x8  
  95  13:23  Infestation Pit  
Tags
 
League
GoldGold
Matchup
PvZ
Opening
Pool First
Replay Pack
20200422
Spawn Locations
Cross Positions
Add a new tag
Caveats
  • Supply blocks, unpowered buildings, or Contaminate may cause inaccurate times.
  • Supply counts are checked every 10 seconds.